 Dungeon Crawl Stone Soup version 0.29-a0-838-g385bb11a5b (webtiles) character file.

Game seed: 16062296240422741833

255 xian the Sneak (level 6, -4/41 HPs)
             Began as an Octopode Brigand on July 14, 2022.
             Slain by an ice beast (11 damage)
             ... on level 3 of the Dungeon.
             The game lasted 00:08:01 (3406 turns).

xian the Sneak (Octopode Brigand)                   Turns: 3406, Time: 00:08:02

Health: -4/41      AC:  1    Str: 10    XL:     6   Next: 15%
Magic:  15/15      EV: 13    Int: 13    God:
Gold:   250        SH:  0    Dex: 16    Spells: 5/5 levels left

rFire   . . .      SeeInvis .   i - +2 flail (vorpal)
rCold   . . .      Faith    .   (no shield)
rNeg    . . .      Spirit   .   (helmet restricted)
rPois   .          Reflect  .   (no amulet)
rElec   .          Harm     .   g - ring of magical power
rCorr   .          Rampage  .   (no ring)
Will    .....                   (no ring)
Stlth   +++++.....              (no ring)
HPRegen 0.13/turn               (no ring)
MPRegen 0.14/turn               (no ring)
                                (no ring)
                                (no ring)

@: no status effects
A: almost no armour, amphibious, 8 rings, camouflage 1, gelatinous body 1,
(nimble swimmer 1), tentacles
a: no special abilities


You were on level 3 of the Dungeon.
You visited 1 branch of the dungeon, and saw 4 of its levels.

You collected 250 gold pieces.

Inventory:

Hand Weapons
 i - a +2 vorpal flail (weapon)
 l - a +2 vorpal sling
Missiles
 b - 12 poisoned darts (quivered)
 c - 3 curare-tipped darts
Armour
 n - the +5 ring mail "Quux" {rPois rC+ Dex+3 Slay+5}
   (You found it on level 2 of the Dungeon)

   Dex:       It affects your dexterity (+3).
   Slay:      It affects your accuracy & damage with ranged weapons and melee
   (+5).
   rC:        It protects you from cold.
   rPois:     It protects you from poison.
Jewellery
 g - a ring of magical power (left tentacle)
Scrolls
 a - 3 scrolls of magic mapping
 f - a scroll of vulnerability {unknown}
 o - 2 scrolls of teleportation
Potions
 d - a potion of curing {unknown}
 e - a potion of flight {unknown}
 h - 2 potions of lignification {unknown}
 j - a potion of attraction {unknown}
 k - 2 potions of brilliance
 m - a potion of ambrosia {unknown}
 p - a potion of haste {unknown}
 u - a potion of invisibility {unknown}


   Skills:
 + Level 2.9 Fighting
 + Level 2.1 Short Blades
 + Level 2.2 Maces & Flails
 + Level 2.2 Ranged Weapons
 + Level 2.1 Throwing
 + Level 2.1 Dodging
 + Level 7.3 Stealth


You had 5 spell levels left.
You didn't know any spells.
Your spell library was empty.

Dungeon Overview and Level Annotations

Branches:
Dungeon (4/15)
 Temple: D:4-7

Altars:
Okawaru
Ru

Shops:
D:1 =

Annotations:
D:3 2 transporters, Brotato's ghost, weakling SpBr


Innate Abilities, Weirdness & Mutations

You cannot wear most types of armour.
You are amphibious.
You can wear up to eight rings at the same time.
Your skin changes colour to match your surroundings (Stealth+).
Your rubbery body absorbs attacks. (AC +1, EV +1)
((You are camouflaged when in or above water. (Stealth+)))
You have tentacles for arms and can constrict up to eight enemies at once.


Message History

Brotato's ghost shrieks, "What do you have that I didn't have?"
The kobold shouts!
There is an open door here.
Partly explored, unvisited transporter.
There is a stone staircase leading down here.
You climb downwards.
Found an arbalest and a white potion.
There is a stone staircase leading up here.
Found a stone staircase leading down.
Found a silver wand.
A hobgoblin comes into view.
A goblin and an ice beast come into view.
The helpless kobold fails to defend itself.
You sock the kobold!
You kill the kobold!
A goblin comes into view. It is wielding a +0 dagger.
An orc comes into view. It is wielding a +0 club.
A goblin, an adder and 2 gnolls come into view.
Found 2 stones.
There is a stone staircase leading up here.
You climb upwards.
Level annotation: 2 transporters, Brotato's ghost, weakling SpBr
There is a stone staircase leading down here.
You climb downwards.
The ice beast hits you. The ice beast freezes you!
There is a stone staircase leading up here.
The ice beast misses you.
You climb upwards.
Level annotation: 2 transporters, Brotato's ghost, weakling SpBr
There is a stone staircase leading down here.
You hit the ice beast.
The ice beast is lightly wounded.
The ice beast hits you. The ice beast freezes you!
* * * LOW HITPOINT WARNING * * *
The ice beast barely misses you.
You barely miss the ice beast.
The ice beast is lightly wounded.
The ice beast hits you.
* * * LOW HITPOINT WARNING * * *
The ice beast freezes you!
You die...

######## #......#
#.####Y################ #.#
#@........†.......
#.####.................
#.##.#.##.....#########
#.##.#.##.###.# #......
#.##.#.#..# #.# #......
#.##....<.# #.###...[).
#.....[...###.#........
#.##..........#.#......
#####.#.......###.#.#......


You could see an ice beast.

Vanquished Creatures
  2 orc priests (D:3)
  Terence (D:3)
  An orc wizard (D:3)
  5 adders
  2 worms (D:3)
  12 orcs (D:3)
  6 endoplasms
  A giant cockroach (D:3)
  4 goblins
  8 hobgoblins
  5 jackals
  5 quokkas
  7 ball pythons
  8 bats
  3 frilled lizards
  3 kobolds
  5 rats
78 creatures vanquished.

Notes
Turn   | Place    | Note
-------+----------+-------------------------------------------
     0 | D:1      | xian the Octopode Brigand began the quest for the Orb.
     0 | D:1      | Reached XP level 1. HP: 14/14 MP: 1/1
   450 | D:1      | Reached XP level 2. HP: 19/19 MP: 2/2
   480 | D:1      | Found Acvimiv's Jewellery Shop.
   486 | D:1      | Reached skill level 6 in Stealth
   977 | D:1      | Reached XP level 3. HP: 19/24 MP: 3/3
  1440 | D:2      | Identified the +5 ring mail "Quux" {rPois rC+ Dex+3 Slay+5}
  1802 | D:2      | Found a faded altar of an unknown god.
  1941 | D:2      | Reached XP level 4. HP: 29/29 MP: 4/4
  1953 | D:2      | Reached skill level 1 in Ranged Weapons
  2442 | D:3      | Noticed Terence
  2448 | D:3      | Reached skill level 1 in Maces & Flails
  2448 | D:3      | Reached skill level 7 in Stealth
  2448 | D:3      | Reached XP level 5. HP: 35/35 MP: 5/5
  2451 | D:3      | Killed Terence
  2590 | D:3      | Found a transporter.
  2594 | D:3      | Found a transporter.
  2594 | D:3      | Noticed Brotato's ghost (weakling SpBr)
  2613 | D:3      | Found a sacrificial altar of Ru.
  2771 | D:3      | Found an iron altar of Okawaru.
  3009 | D:3      | Reached XP level 6. HP: 25/41 MP: 6/6
  3386 | D:4      | Noticed an ice beast
  3406 | D:3      | Slain by an ice beast

Illustrated notes

Levels and vault maps discovered:
D:1:      wander_arrival_chamber, layout_loops_cross, serial_shops,
          nicolae_shop_waterfront
D:2:      layout_basic, chequers_ecumenical_altar_lobes, minmay_pentomino_s4
D:3:      cheibrodos_pilgrimage, layout_basic, lemuel_crystal_altar,
          nicolae_ru_the_path_less_chosen, gammafunk_ghost_arena, uniq_terence
D:4:      layout_loops_ring, due_unseen_surprise, uniq_duvessa, uniq_robin

Skill      XL: |  1  2  3  4  5 |
---------------+----------------+-----
Stealth        | 6 7 |  7.3
Ranged Weapons | 2 |  2.2
Maces & Flails | 1 2 |  2.2
Dodging        | 2 |  2.1
Fighting       | |  2.9
Short Blades   | |  2.1
Throwing       | |  2.1

Action                   |  1- 3 |  4- 6 || total
-------------------------+-------+-------++-------
Melee: Dagger            |    24 |       ||    24
       Tentacles         |     4 |    16 ||    20
       Flail             |    22 |    75 ||    97
       Constrict         |     7 |    20 ||    27
       Punch             |       |     1 ||     1
 Fire: Sling             |    31 |       ||    31
  Use: Potion            |       |     1 ||     1
       Scroll            |       |     9 ||     9
 Stab: Sleeping          |    11 |     8 ||    19
Armor: Skin              |    12 |    18 ||    30
Dodge: Dodged            |    47 |    64 ||   111

Table legend: (Time is in decaauts)
 A = Elapsed time spent in this place.
 B = Non-inter-level travel time spent in this place.
 C = Inter-level travel time spent in this place.
 D = Time resting spent in this place.
 E = Time spent auto-exploring this place.
 F = Levels seen in this place.
 G = Mean time per level.
                   A        B        C        D        E       F      G
               +--------+--------+--------+--------+--------+-----+--------+
         Total |   3458 |   3408 |     50 |    506 |   2148 |   4 |  864.5 |
       Dungeon |   3458 |   3408 |     50 |    506 |   2148 |   4 |  864.5 |
               +--------+--------+--------+--------+--------+-----+--------+

Top non-repeatable levels by time:
     D:1: 1254 daAuts
     D:2: 1151 daAuts
     D:3: 1030 daAuts
     D:4: 21 daAuts
